 Dungeon Crawl Stone Soup version 0.31-a0-344-gd109795599 (webtiles) character file.

Game seed: 14583559245914243823

1381 Crownlay the Thaumaturge (level 8, -9/41 HPs)
             Began as a Deep Elf Summoner on July 21, 2023.
             Was an Initiate of Makhleb.
             Mangled by a hornet (15 damage)
             ... while paralysed by a hornet
             ... on level 7 of the Dungeon.
             The game lasted 00:19:06 (5894 turns).

Crownlay the Thaumaturge (Deep Elf Summoner)        Turns: 5894, Time: 00:19:07

Health: -9/41      AC:  7    Str:  8    XL:     8   Next: 39%
Magic:  24/24      EV:  2    Int: 23    God:    Makhleb [......]
Gold:   378        SH:  0    Dex: 15    Spells: 18/27 levels left

rFire   . . .        h - +0 spear
rCold   . . .        (no shield)
rNeg    . . .        a - +0 robe
rPois   +            k - +0 helmet
rElec   +            i - +1 cloak "Tatzu" {rElec Str+3}
rCorr   .            p - +0 pair of gloves
SInv    .            x - +0 pair of boots
Will    .....        A - amulet of magic regeneration
Stlth   ++           o - ring of flight
HPRegen 0.26/turn    v - ring of poison resistance
MPRegen 0.59/turn

%: no passive effects
@: paralysed, flying
A: no striking features
a: Renounce Religion


You were on level 7 of the Dungeon.
You worshipped Makhleb.
Makhleb was noncommittal.
You visited 2 branches of the dungeon, and saw 8 of its levels.

You collected 422 gold pieces.
You spent 44 gold pieces at shops.

Inventory:

Hand Weapons
 h - a +0 spear (weapon)
Armour
 a - a +0 robe (worn)
 i - the +1 cloak "Tatzu" (worn) {rElec Str+3}
   (You found it on level 2 of the Dungeon)

   Str:       It affects your strength (+3).
   rElec:     It insulates you from electricity.
 k - a +0 helmet (worn)
 p - a +0 pair of gloves (worn)
 x - a +0 pair of boots (worn)
Magical Staves
 z - a staff of death
Jewellery
 o - a ring of flight (left hand)
 v - a ring of poison resistance (right hand)
 y - a ring of fire
 A - an amulet of magic regeneration (around neck)
Scrolls
 c - 3 scrolls of teleportation
 d - a scroll of immolation
 e - 3 scrolls of noise
 g - 2 scrolls of silence
 j - 2 scrolls of amnesia
 r - 2 scrolls of fear
 u - 2 scrolls of butterflies {unknown}
 w - 2 scrolls of poison
 B - a scroll of fog {unknown}
Potions
 b - a potion of magic
 f - 4 potions of lignification {unknown}
 l - 5 potions of curing
 m - 5 potions of attraction
 n - 2 potions of enlightenment
 q - a potion of brilliance {unknown}
 s - 3 potions of heal wounds {unknown}
 t - a potion of might {unknown}


   Skills:
 - Level 2.4 Dodging
 - Level 2.4 Stealth
 - Level 10.0 Spellcasting
 - Level 8.0 Summonings
 + Level 4.3 Invocations


You had 18 spell levels left.
You knew the following spells:

 Your Spells              Type           Power      Damage    Failure   Level
a - Summon Small Mammal   Summ           100%       N/A       1%          1
b - Call Imp              Summ           96%        N/A       1%          2
c - Call Canine Familiar  Summ           48%        N/A       1%          3
d - Summon Guardian Gole  Hex/Summ       29%        N/A       3%          3

Your spell library contained the following spells:

 Spells                   Type           Power      Damage    Failure   Level
 Kiss of Death            Conj/Necr      44%        2d8       5%          1
 Summon Lightning Spire   Summ/Air       29%        N/A       11%         4
 Confusing Touch          Hex            11%        N/A       17%         3
 Dispel Undead            Necr           11%        3d9       50%         4


Dungeon Overview and Level Annotations

Branches:
Dungeon (7/15)             Temple (1/1) D:4

Altars:
Ashenzari
Cheibriados
Dithmenos
Elyvilon
Fedhas
Gozag
Hepliaklqana
Kikubaaqudgha
Makhleb
Nemelex Xobeh
Okawaru
Qazlal
Ru
Sif Muna
Trog
Uskayaw
Vehumet
Wu Jian
Xom
Yredelemnul
Zin
The Shining One

Shops:
D:4 *

Annotations:
Temple 2 transporters


Message History

Your cerulean imp hits the hornet from afar with a +0 spear.
You hit the hornet but do no damage.
The hornet is moderately wounded.
Your wolf closely misses the hornet.
The hornet closely misses you.
Your wolf bites the hornet!
Something hits your wolf but does no damage.
Your cerulean imp closely misses the hornet.
The hornet stings you!
You completely miss the hornet.
The hornet is severely wounded.
Your wolf completely misses something.
Something hits your wolf. Something shocks your wolf. The hornet stings you.
You suddenly lose the ability to move!
Your cerulean imp completely misses the hornet.
Your wolf bites something!
You can move again.
Reach: h) +0 spear
Press: ? - help, Dir - move target, f/p - hornet
Aim: a hornet (severely wounded, ally target, about 54% to evade your +0 spear)
You closely miss the hornet. Your punch misses the hornet.
The hornet is severely wounded.
Your wolf closely misses something.
The hornet closely misses you.
Something hits your wolf but does no damage.
Your cerulean imp hits the hornet from afar with a +0 spear.
Your wolf bites something!
The hornet stings you but does no damage.
Reach: h) +0 spear
Press: ? - help, Dir - move target, f/p - hornet
Aim: a hornet (severely wounded, ally target, about 54% to evade your +0 spear)
You closely miss the hornet.
The hornet is severely wounded.
Your wolf bites something.
The hornet stings you!
* * * LOW HITPOINT WARNING * * *
You suddenly lose the ability to move!
Something hits your wolf. Something shocks your wolf.
Your wolf dies!
Your wolf's corpse disappears in a puff of smoke!
Your cerulean imp closely misses the hornet.
The hornet stings you!
You die...

#...........
#...$...#.##.
#.............
#>..#<.......#
#.....#.###.#.
#.#.#.#.#(....
#.#5..{.... #
#..ยง.##..
#@y...#
#......#...#
#......#.......
#......#..#....
#......#....#.#
#......#.##.# #
#........# ..
####.##### ..


You could see a hornet (ally target) and a friendly cerulean imp (summoned).

Vanquished Creatures
  An ogre (D:5)
  A hound (D:5)
  An iguana (D:5)
  Robin (D:2)
  An adder (D:2)
  2 worms (D:4)
  A dart slug (D:2)
  2 orcs (D:4)
  3 ball pythons
  2 bats
  An endoplasm (D:1)
  A giant cockroach (D:2)
  2 goblins
  2 hobgoblins (D:2)
  2 jackals (D:1)
  A quokka (D:1)
  A frilled lizard (D:2)
  A rat (D:2)
26 creatures vanquished.

Vanquished Creatures (collateral kills)
  Pikel (D:7)
  An ogre (D:6)
  A phantom (D:6)
  3 lemures (D:7)
  Blork the orc (D:4)
  A scorpion (D:5)
  A jelly (D:6)
  2 orc priests
  Jessica (D:2)
  2 iguanas
  Terence (D:2)
  An orc wizard (D:5)
  A sleepcap (D:5)
  11 adders
  A river rat (D:4)
  A shadow imp (D:7)
  2 ufetubi
  4 worms (D:4)
  A dart slug (D:2)
  8 orcs
  6 endoplasms
  2 giant cockroaches
  12 goblins
  9 hobgoblins
  2 jackals (D:1)
  A quokka (D:1)
  4 ball pythons
  2 bats
  A frilled lizard (D:1)
  3 kobolds
  A rat (D:4)
88 creatures vanquished.

Grand Total: 114 creatures vanquished

Notes
Turn   | Place    | Note
-------+----------+-------------------------------------------
     0 | D:1      | Crownlay the Deep Elf Summoner began the quest for the Orb.
     0 | D:1      | Reached XP level 1. HP: 10/10 MP: 6/6
   118 | D:1      | Reached XP level 2. HP: 14/15 MP: 5/8
   127 | D:1      | Learned a level 2 spell: Call Imp
   323 | D:1      | Reached skill level 4 in Spellcasting
   489 | D:1      | Reached XP level 3. HP: 18/19 MP: 6/10
   493 | D:1      | Learned a level 3 spell: Call Canine Familiar
   943 | D:2      | Identified the +1 cloak "Tatzu" {rElec Str+3}
  1067 | D:2      | Noticed Robin
  1069 | D:2      | Reached skill level 5 in Summonings
  1078 | D:2      | Reached skill level 5 in Spellcasting
  1104 | D:2      | Killed Robin
  1105 | D:2      | Reached XP level 4. HP: 16/24 MP: 1/13
  1167 | D:2      | Noticed Terence
  1207 | D:2      | Killed Terence
  1504 | D:2      | Noticed Jessica
  1509 | D:2      | Killed Jessica
  1510 | D:2      | Reached skill level 6 in Spellcasting
  1510 | D:2      | Reached XP level 5. HP: 27/28 MP: 6/15
  1822 | D:3      | Found a faded altar of an unknown god.
  2164 | D:3      | Found a glowing silver altar of Zin.
  2678 | D:4      | Found a shimmering blue altar of Sif Muna.
  2744 | D:4      | Found a staircase to the Ecumenical Temple.
  2759 | D:4      | Found a stormy altar of Qazlal.
  2781 | D:4      | Noticed Blork the orc
  2796 | D:4      | Killed Blork the orc
  2797 | D:4      | Reached skill level 7 in Spellcasting
  2863 | D:4      | Reached XP level 6. HP: 32/32 MP: 18/18
  2927 | D:4      | Identified the +1 ring mail "Jyirap Sieb" {Will++ Str+5
                  | Slay+2}
  3349 | D:4      | Found a glowing drain.
  3453 | D:4      | Found Biwnakiy's Serpentskin Sales.
  3464 | D:4      | Bought a scroll of poison for 44 gold pieces
  3779 | Temple   | Found a transporter.
  3779 | Temple   | Found a transporter.
  3779 | Temple   | Found a transporter.
  3779 | Temple   | Found a transporter.
  3779 | Temple   | Entered the Ecumenical Temple
  3795 | Temple   | Became a worshipper of Makhleb the Destroyer
  3818 | D:4      | Learned a level 3 spell: Summon Guardian Golem
  3842 | D:5      | Entered Level 5 of the Dungeon
  3945 | D:5      | Reached skill level 8 in Spellcasting
  3945 | D:5      | Reached skill level 1 in Invocations
  4224 | D:5      | Reached XP level 7. HP: 36/36 MP: 18/20
  5343 | D:6      | Reached skill level 9 in Spellcasting
  5853 | D:7      | Noticed Pikel
  5878 | D:7      | Killed Pikel
  5879 | D:7      | Reached skill level 10 in Spellcasting
  5879 | D:7      | Reached XP level 8. HP: 25/41 MP: 24/24
  5881 | D:7      | Noticed a hornet
  5892 | D:7      | Paralysed by a hornet for 1 turns
  5894 | D:7      | Paralysed by a hornet for 3 turns
  5894 | D:7      | Mangled by a hornet

Illustrated notes

Levels and vault maps discovered:
D:1:      minmay_arrival_nine_rooms, layout_rooms
D:2:      layout_basic, dk_vineyard_3, uniq_robin, uniq_terence, uniq_jessica
D:3:      layout_loops_corners, amcnicky_altar_gilded,
          nicolae_ecumenical_pavilion
D:4:      layout_loops_ring, old_standard_altar, mainiacjoe_overflow_24_doors,
          minmay_temple_entry_gardened_gates, lightli_sewer_entry_pipes,
          guppyfry_shop_venom, uniq_blork_the_orc
D:5:      layout_gridville, nicolae_houndstooth_variations
D:6:      layout_basic
D:7:      layout_basic, st_stairs_8, minmay_chambers_of_fives, uniq_pikel
Temple:   hellmonk_temple_divided_pantheon

Skill      XL: |  1  2  3  4  5  6  7 |
---------------+----------------------+-----
Spellcasting   | 4 5 6 7 8 10 | 10.0
Summonings     | 5 6 8 |  8.0
Invocations    | 1 4 |  4.3
Dodging        | |  2.4
Stealth        | |  2.4

Action                     |  1- 3 |  4- 6 |  7- 9 || total
---------------------------+-------+-------+-------++-------
  Melee: Mace              |    18 |       |       ||    18
         Punch             |     1 |     1 |       ||     2
         Spear             |    39 |    98 |    48 ||   185
   Cast: Summon Small Mamm |    36 |    14 |    10 ||    60
         Call Imp          |    12 |    26 |    12 ||    50
         Call Canine Famil |     5 |    17 |    11 ||    33
         Summon Guardian G |       |       |     1 ||     1
    Use: Scroll            |     1 |     6 |     2 ||     9
   Stab: Distracted        |     1 |     3 |     1 ||     5
         Sleeping          |       |     2 |       ||     2
 Armour: Robe              |    15 |    19 |    10 ||    44
  Dodge: Dodged            |    59 |    39 |    28 ||   126

Table legend: (Time is in decaauts)
 A = Elapsed time spent in this place.
 B = Non-inter-level travel time spent in this place.
 C = Inter-level travel time spent in this place.
 D = Time resting spent in this place.
 E = Time spent auto-exploring this place.
 F = Levels seen in this place.
 G = Mean time per level.
                   A        B        C        D        E       F      G
               +--------+--------+--------+--------+--------+-----+--------+
         Total |   5919 |   5719 |    200 |     23 |   3656 |   8 |  739.9 |
       Dungeon |   5886 |   5700 |    186 |     23 |   3656 |   7 |  840.9 |
        Temple |     32 |     18 |     14 |      0 |      0 |   1 |   32.0 |
               +--------+--------+--------+--------+--------+-----+--------+

Top non-repeatable levels by time:
     D:5: 1209 daAuts
     D:4: 1172 daAuts
     D:2: 1122 daAuts
     D:3: 823 daAuts
     D:6: 805 daAuts
     D:1: 711 daAuts
     D:7: 42 daAuts
  Temple: 32 daAuts
